 Dungeon Crawl Stone Soup version 0.30-a0-166-g5d06c95188 (webtiles) character file.

Game seed: 13781570662066544533

375 qw the Shield-Bearer (level 6, -2/37 HPs)
             Began as a Gargoyle Fighter on Sept 29, 2022.
             Was an Initiate of Okawaru.
             Slain by Menkaure (12 damage)
             ... on level 4 of the Dungeon.
             The game lasted 00:01:27 (4169 turns).

qw the Shield-Bearer (Gargoyle Fighter)             Turns: 4169, Time: 00:01:28

Health: -2/37      AC: 11    Str: 21    XL:     6   Next: 72%
Magic:  6/6        EV:  6    Int:  9    God:    Okawaru [......]
Gold:   171        SH: 12    Dex:  9    Spells: 5/5 levels left

rFire   . . .      SeeInvis .    f - +0 hand axe (vamp)
rCold   . . .      Faith    .    m - +0 tower shield
rNeg    + + .      Spirit   .    b - +0 scale mail
rPois   inf        Reflect  .    (no helmet)
rElec   +          Harm     .    (no cloak)
rCorr   .          Rampage  .    (no gloves)
Will    .....                    (no boots)
Stlth   ..........               (no amulet)
HPRegen 0.12/turn                g - ring of positive energy
MPRegen 0.10/turn                (no ring)

@: no status effects
A: sickness immunity, AC +4, negative energy resistance 1, electricity
resistance, torment resistance 1, petrification resistance
a: Renounce Religion


You were on level 4 of the Dungeon.
You worshipped Okawaru.
Okawaru was noncommittal.
You visited 2 branches of the dungeon, and saw 5 of its levels.

You collected 171 gold pieces.


Innate Abilities, Weirdness & Mutations

You are immune to sickness and miasma.
Your stone body is resilient. (AC +4)
You are immune to poison.
You resist negative energy. (rN+)
You are resistant to electric shocks. (rElec)
You are resistant to unholy torment.
You are immune to petrification.


   Skills:
 - Level 3.2 Fighting
 - Level 4.9 Axes
 - Level 3.2 Armour
 + Level 5.7 Shields


You had 5 spell levels left.
You didn't know any spells.
Your spell library was empty.

Inventory:

Hand Weapons
 e - a +0 whip of venom
 f - a +0 vampiric hand axe (weapon)
 Y - a +0 war axe
Armour
 b - a +0 scale mail (worn)
 m - a +0 tower shield (worn)
Jewellery
 g - a ring of positive energy (left hand)
Scrolls
 h - 4 scrolls of identify
 j - 4 scrolls of teleportation
 n - a scroll of acquirement {unknown}
Potions
 a - a potion of haste
 c - a potion of ambrosia {unknown}
 d - 2 potions of might
 i - a potion of lignification
 k - a potion of attraction
 l - a potion of berserk rage {unknown}
 o - a potion of heal wounds {unknown}
 p - a potion of curing {unknown}

Dungeon Overview and Level Annotations

Branches:
Dungeon (4/15)             Temple (1/1) D:4

Altars:
Ashenzari
Cheibriados
Fedhas
Gozag
Hepliaklqana
Kikubaaqudgha
Okawaru
Qazlal
Ru
Trog
Wu Jian
Xom
Yredelemnul
Zin
The Shining One

Shops:
D:4 =

Annotations:
D:4 Menkaure


Message History

The goblin is heavily wounded.
The goblin hits you but does no damage.
You completely miss the goblin.
The goblin is heavily wounded.
The goblin hits you but does no damage. You block the goblin's attack.
4156 ||| Stepping ~*~*~tactically~*~*~ (stealth).
You see here a +0 ring mail.
You hit the goblin.
You kill the goblin!
Okawaru accepts your kill.
You see here a +0 club.
A dart slug comes into view.
Found an emerald potion.
You hit Menkaure.
Menkaure is lightly damaged.
Menkaure hits you!!
You hit Menkaure.
Menkaure is lightly damaged.
Menkaure wails, "Why can't you leave me to my rest?"
You block Menkaure's attack.
You closely miss Menkaure.
Menkaure is lightly damaged.
Menkaure barely misses you. You block Menkaure's attack.
You hit Menkaure.
Menkaure is moderately damaged.
You block Menkaure's attack.
You hit Menkaure.
Menkaure is heavily damaged.
You hit the dart slug.
You feel better. The dart slug barely misses you. Menkaure hits you!
You hit Menkaure.
Menkaure is heavily damaged.
You hit the dart slug but do no damage. You block the dart slug's attack.
You block Menkaure's attack. The dart slug bites you.
You hit Menkaure but do no damage.
Menkaure is heavily damaged.
You barely miss the dart slug. Menkaure hits you!
You die...

.........#........
##'#####'#........######
.......%................
........................
........................
........................
........................
........................
...........[)...@M......
##......########.w......
#......# #........
#......# #........
#......# #........
#......# #........
#......# #........
#......# #......!.
########


You could see Menkaure and a dart slug.

Vanquished Creatures
  An ogre (D:4)
  A scorpion (D:4)
  A hound (D:4)
  An iguana (D:4)
  Natasha (thrice) (D:3)
  3 adders
  3 worms (D:3)
  4 dart slugs
  5 orcs (D:4)
  2 bats
  8 endoplasms
  2 giant cockroaches
  6 goblins
  8 hobgoblins
  3 quokkas
  6 ball pythons
  4 frilled lizards
  7 kobolds
  3 rats
71 creatures vanquished.

Notes
Turn   | Place    | Note
-------+----------+-------------------------------------------
     0 | D:1      | qw the Gargoyle Fighter began the quest for the Orb.
     0 | D:1      | Reached XP level 1. HP: 14/14 MP: 1/1
     0 | D:1      | 0 ||| qw: Version: 0.2-a-12-gaebbb33
     0 | D:1      | 0 ||| qw: Game counter: 1033
     0 | D:1      | 0 ||| qw: Always use a shield: true
     0 | D:1      | 0 ||| qw: God list: Okawaru
     0 | D:1      | 0 ||| qw: Allow faded altars: false
     0 | D:1      | 0 ||| qw: Do Orc after D:15 true
     0 | D:1      | 0 ||| qw: Do second Lair branch before Depths: true
     0 | D:1      | 0 ||| qw: Lair rune preference: random
     0 | D:1      | 0 ||| qw: Plans: Normal, Zot:1-4, God:TSO, Crypt, Tomb,
                  | Pan, Slime:5, Hells, Abyss, Orb
     0 | D:1      | 0 ||| PLANNING D:1-11
   670 | D:1      | Reached XP level 2. HP: 19/19 MP: 2/2
   982 | D:1      | Reached skill level 3 in Axes
  1067 | D:1      | 1067 ||| Stepping ~*~*~tactically~*~*~ (stealth).
  1068 | D:1      | 1068 ||| Stepping ~*~*~tactically~*~*~ (stealth).
  1088 | D:1      | Reached XP level 3. HP: 23/23 MP: 3/3
  1310 | D:1      | 1310 ||| DROPPING ring of wizardry.
  1311 | D:1      | 1311 ||| READING scroll labelled ECANI JAZUAKK.
  1312 | D:1      | 1312 ||| READING scroll labelled CEINETUGOD.
  1313 | D:1      | 1313 ||| READING 2 scrolls labelled KATTADWIXTA.
  1317 | D:1      | 1317 ||| READING scroll labelled PYTAETRA ATOAN.
  1318 | D:1      | 1318 ||| READING scroll labelled WISSAV MORE.
  1589 | D:2      | 1589 ||| Stepping ~*~*~tactically~*~*~ (stealth).
  2154 | D:2      | Found a faded altar of an unknown god.
  2217 | D:2      | Found a bloodstained altar of Trog.
  2299 | D:2      | 2299 ||| UPGRADING to ring of positive energy.
  2325 | D:3      | 2325 ||| STAIRDANCE
  2331 | D:3      | 2331 ||| STAIRDANCE
  2337 | D:2      | Reached XP level 4. HP: 17/28 MP: 4/4
  2455 | D:3      | 2455 ||| STAIRDANCE
  2473 | D:3      | 2473 ||| STAIRDANCE
  2529 | D:3      | Found a snail-covered altar of Cheibriados.
  2665 | D:3      | 2665 ||| Stepping ~*~*~tactically~*~*~ (hiding).
  2716 | D:3      | Noticed Natasha
  2720 | D:3      | Killed Natasha
  2723 | D:3      | Noticed Natasha
  2725 | D:3      | 2725 ||| Stepping ~*~*~tactically~*~*~ (hiding).
  2732 | D:3      | Killed Natasha
  2733 | D:3      | Reached XP level 5. HP: 14/32 MP: 5/5
  2800 | D:3      | Noticed Natasha
  2809 | D:3      | Killed Natasha
  3039 | D:3      | 3039 ||| READING scroll labelled HEFIGE NAISE.
  3040 | D:3      | 3040 ||| DRINKING 2 purple potions.
  3041 | D:3      | 3041 ||| READING 4 scrolls of identify.
  3041 | D:3      | 3041 ||| IDENTIFYING murky white potion
  3042 | D:3      | 3042 ||| READING 3 scrolls of identify.
  3042 | D:3      | 3042 ||| IDENTIFYING murky grey potion
  3043 | D:3      | 3043 ||| READING 2 scrolls of identify.
  3043 | D:3      | 3043 ||| IDENTIFYING orange potion
  3044 | D:3      | 3044 ||| DROPPING potion of brilliance.
  3091 | D:4      | 3091 ||| DROPPING +0 mace.
  3117 | D:4      | 3117 ||| SWAPPING to +0 vampiric hand axe.
  3205 | D:4      | Found a staircase to the Ecumenical Temple.
  3206 | D:4      | 3206 ||| PLANNING TEMPLE
  3206 | D:4      | 3206 ||| UPGRADING to +0 tower shield.
  3216 | D:4      | 3216 ||| DROPPING +0 buckler.
  3223 | Temple   | Entered the Ecumenical Temple
  3262 | Temple   | 3262 ||| PLANNING OKAWARU WORSHIP
  3352 | Temple   | Became a worshipper of Warmaster Okawaru
  3353 | Temple   | 3353 ||| PLANNING D:1-11
  3446 | D:4      | Noticed an ogre
  3459 | D:4      | Killed an ogre
  3460 | D:4      | Reached skill level 4 in Shields
  3460 | D:4      | Reached XP level 6. HP: 33/37 MP: 6/6
  3488 | D:4      | Identified the +4 dagger of Bust {vorpal, rN+}
  3518 | D:4      | Reached skill level 5 in Shields
  3595 | D:4      | Found Fanof's Jewellery Boutique.
  3601 | D:4      | 3601 ||| SHOPLISTING +4 ring of protection (432 gold, have
                  | 148).
  3601 | D:4      | 3601 ||| SHOPLISTING +6 ring of dexterity (432 gold, have
                  | 148).
  3601 | D:4      | 3601 ||| SHOPLISTING +6 ring of strength (432 gold, have
                  | 148).
  3601 | D:4      | 3601 ||| SHOPLISTING ring of Nejopheen {rF+ rC+ Will+ Int+2
                  | SInv} (549 gold, have 148).
  3601 | D:4      | 3601 ||| SHOPLISTING ring of positive energy (240 gold,
                  | have 148).
  3601 | D:4      | 3601 ||| SHOPLISTING ring of willpower (300 gold, have
                  | 148).
  3889 | D:4      | 3889 ||| Stepping ~*~*~tactically~*~*~ (hiding).
  4112 | D:4      | 4112 ||| FLEEEEING.
  4150 | D:4      | Noticed Menkaure
  4151 | D:4      | 4151 ||| Stepping ~*~*~tactically~*~*~ (stealth).
  4156 | D:4      | 4156 ||| Stepping ~*~*~tactically~*~*~ (stealth).
  4169 | D:4      | Slain by Menkaure

Levels and vault maps discovered:
D:1:      amcnicky_arrival_flooded_fountain, layout_loops_ring
D:2:      layout_loops_cross, shapermc_ecumenical_altar_mp_vishouse,
          basic_altar, nicolae_elevator_lobby_asterisk
D:3:      layout_rooms, slow_altar_1, uniq_natasha
D:4:      layout_gridville, temple_green, serial_shops, shop, uniq_menkaure
Temple:   nicolae_temple_superstar

Skill      XL: |  1  2  3  4  5  6 |
---------------+-------------------+-----
Axes           | 2 3 4 |  4.9
Shields        | 4 5 |  5.7
Fighting       | |  3.2
Armour         | |  3.2

Action                   |  1- 3 |  4- 6 || total
-------------------------+-------+-------++-------
Melee: War axe           |   159 |    39 ||   198
       Hand axe          |       |   110 ||   110
       Unarmed           |       |     6 ||     6
  Use: Scroll            |     5 |     4 ||     9
       Potion            |       |     1 ||     1
Armor: Scale mail        |    90 |    63 ||   153
Dodge: Dodged            |    77 |    36 ||   113
Block: Buckler           |    34 |     4 ||    38
       Tower shield      |       |    73 ||    73

Table legend:
 A = Non-vault XP
 B = Vault XP
 C = Vault XP percentage of total XP
 D = Non-vault monster count
 E = Vault monster count
 F = Vault count percentage of total count
                 A         B        C        D         E       F
            +---------+---------+-------+---------+---------+-------
      Total |     498 |      38 |   7.1 |      69 |       2 |   2.8
            +---------+---------+-------+---------+---------+-------
        D:1 |      37 |       0 |   0.0 |      23 |       0 |   0.0
        D:2 |      48 |       0 |   0.0 |      15 |       0 |   0.0
        D:3 |      96 |      38 |  28.4 |      12 |       2 |  14.3
        D:4 |     317 |       0 |   0.0 |      19 |       0 |   0.0
            +---------+---------+-------+---------+---------+-------
